[Event "28th Hit Open-A 2024"]
[Site "Nova Gorica"]
[Date "2024.01.27"]
[Round "2.36"]
[White "Labrovic, Jakov"]
[Black "Vodnik, Val"]
[Result "1-0"]
[ECO "A01"]
[WhiteElo "1925"]
[BlackElo "1661"]
[Annotator "TA"]
[PlyCount "41"]
[EventDate "2024.01.22"]
[EventType "swiss"]
[EventCountry "SLO"]
[SourceTitle "playchess.com"]
[Source "ChessBase"]
[SourceQuality "1"]
[TimeControl "5400+30"]

1. b3 d5 2. Bb2 c5 3. e3 Nc6 4. Bb5 Qc7 5. f4 Bf5 6. Nf3 Nf6 (6... e6 {simplifies} 7. Bxc6+ Qxc6 8. Qe2 Bxc2 9. Nc3 Bg6) 7. Ne5 Ne4 (7... Bd7 $11 {keeps the balance.}) 8. O-O {[%emt 0:13:37] White is better.} h5 (8... Nd6 $14) 9. Nc3 ({White should try} 9. d3 $16 Nd6 10. Bxc6+ bxc6 11. Nd2) 9... e6 (9... Nxc3 $14 10. Bxc3 f6) 10. Nxe4 $16 Bxe4 11. d3 Bf5 12. Qe1 {[%emt 0:01:25] aiming for e4. White is more active.} O-O-O 13. e4 {[%emt 0:05:47] Hoping for Bxc6.} Bh7 14. exd5 exd5 15. Nxc6 bxc6 16. Ba4 $36 {[%emt 0:00:11][%mdl 2048] White has some pressure.} f6 {[%emt 0:02:17] [#]} (16... Bf5 $11) 17. Qe6+ ({Better is} 17. Bc3 $1 $16) 17... Kb7 $11 {[%emt 0:00:25] [#]} 18. b4 Bd6 (18... cxb4 $15 19. a3 Bc5+ 20. Kh1 a5) 19. bxc5 Bxf4 $2 {[%emt 0:00:25][%mdl 8192] [#]} (19... Bxc5+ $11 20. Kh1 Qd7) 20. Rxf4 $1 Rhe8 (20... Qd7 21. Qxd7+) 21. Rb4+ {[%emt 0:00:39] Weighted Error Value: White=0.28 (precise) /Black=0.66.  Loses game:     	---       	Black=1      Mistake:       	White=3     	Black=5      Inaccurate:     	White=2     	Black=1      OK:         	White=4     	Black=2      Best:        	---       	Black=2      Brilliant:      	White=1     	---} 1-0

[Event "28th Hit Open-A 2024"]
[Site "Nova Gorica"]
[Date "2024.01.27"]
[Round "2.37"]
[White "Zlatanovic, Marcus"]
[Black "Petrovcic, Cvetko"]
[Result "0-1"]
[ECO "C40"]
[WhiteElo "1745"]
[BlackElo "1611"]
[Annotator "NA RC COMBH"]
[PlyCount "84"]
[EventDate "2024.01.22"]
[EventType "swiss"]
[EventCountry "SLO"]
[SourceTitle "playchess.com"]
[Source "ChessBase"]
[SourceQuality "1"]
[TimeControl "5400+30"]

1. e4 e5 2. Nf3 Bc5 3. Nxe5 Nc6 4. Nxc6 dxc6 5. d3 Nf6 6. h3 O-O 7. Be2 b5 8. O-O Nd7 9. d4 Bb6 10. Be3 a6 11. c4 bxc4 12. Bxc4 Kh8 13. Nc3 Nf6 14. Qd2 Qd7 15. Rad1 Bb7 16. f3 Rad8 17. Qf2 Qc8 18. d5 Bxe3 19. Qxe3 cxd5 20. Nxd5 Nxd5 21. Bxd5 Bxd5 22. Rxd5 Rxd5 23. exd5 Re8 24. Qc5 Qd7 25. Rc1 Rd8 26. Re1 g6 27. Re5 Kg7 28. Re7 Qf5 29. Rxc7 Rxd5 30. Qc3+ Kh6 31. Qe3+ Kg7 32. Qc3+ Kh6 33. Qe3+ Kg7 34. Kh2 h5 35. Qc3+ Kh6 36. Qe3+ Kh7 37. Rc1 Qf6 38. b3 Qd6+ 39. Kh1 Qg3 40. Re1 Rg5 41. Qd2 Rf5 42. Qb2 Qxe1+ 0-1

[Event "28th Hit Open-A 2024"]
[Site "Nova Gorica"]
[Date "2024.01.27"]
[Round "2.38"]
[White "Bajec, Borut"]
[Black "Cortese, Lina"]
[Result "1/2-1/2"]
[ECO "A85"]
[WhiteElo "1703"]
[BlackElo "1582"]
[Annotator "NA RC COMBH"]
[PlyCount "120"]
[EventDate "2024.01.22"]
[EventType "swiss"]
[EventCountry "SLO"]
[SourceTitle "playchess.com"]
[Source "ChessBase"]
[SourceQuality "1"]
[TimeControl "5400+30"]

1. d4 e6 2. c4 f5 3. Nf3 Nf6 4. Nc3 d5 5. e3 c6 6. Bd3 Bd6 7. O-O O-O 8. b3 Ne4 9. Bb2 b6 10. cxd5 exd5 11. Rc1 Bb7 12. Ne2 Nd7 13. Ne5 Rc8 14. f3 Ng5 15. Nf4 Qe7 16. h4 Ne6 17. Qe1 Nxe5 18. dxe5 Bc7 19. Nxe6 Qxe6 20. f4 c5 21. Qf2 Qg6 22. Kh2 Rcd8 23. Rg1 Qe6 24. Qf3 Rd7 25. Qe2 Bd8 26. g3 Qh6 27. Kh3 g5 28. fxg5 Bxg5 29. Rce1 Bd8 30. Qf2 Bc8 31. Bc1 Qe6 32. Qf4 Rg7 33. Be2 Bc7 34. Bb2 Re8 35. Rd1 Bxe5 36. Bxe5 Qxe5 37. Bb5 Qxf4 38. exf4 Rd8 39. Rge1 Kf8 40. Re5 d4 41. Bd3 Rf7 42. Rde1 Kg7 43. Kg2 Kf6 44. Kf2 Rdf8 45. Bc4 Rc7 46. a4 Rd8 47. Bd3 Rg7 48. Bc4 d3 49. Rd1 d2 50. Re2 Rgd7 51. Re6+ Kg7 52. Ke2 Rd4 53. Re7+ Kh6 54. Kf2 R8d7 55. Re6+ Kg7 56. Re5 Kf6 57. Re6+ Kg7 58. Re5 Kf6 59. Re6+ Kg7 60. Re5 Kf6 1/2-1/2

[Event "28th Hit Open-A 2024"]
[Site "Nova Gorica"]
[Date "2024.01.27"]
[Round "2.39"]
[White "Gergolet, Jan"]
[Black "Guid, Taja"]
[Result "1-0"]
[ECO "B23"]
[WhiteElo "1632"]
[BlackElo "1698"]
[Annotator "NA RC COMBH"]
[PlyCount "77"]
[EventDate "2024.01.22"]
[EventType "swiss"]
[EventCountry "SLO"]
[SourceTitle "playchess.com"]
[Source "ChessBase"]
[SourceQuality "1"]
[TimeControl "5400+30"]

1. e4 c5 2. Nc3 e6 3. d4 cxd4 4. Qxd4 Nc6 5. Qd2 a6 6. b3 Nf6 7. Bb2 Bb4 8. Bd3 b5 9. Nge2 Bb7 10. O-O-O Qe7 11. Kb1 O-O 12. Qg5 h6 13. Qg3 Nh5 14. Qh3 Nf6 15. f4 d5 16. exd5 exd5 17. Nxd5 Nxd5 18. Qf5 g6 19. Qxd5 Rad8 20. Qe4 Qc7 21. f5 Nd4 22. Qh4 Nxe2 23. Qxb4 Nf4 24. Qd2 g5 25. h4 f6 26. hxg5 hxg5 27. Rh6 Qg7 28. Rdh1 Bxg2 29. R1h2 Be4 30. Qc3 Bxd3 31. cxd3 Rxd3 32. Qc6 Rd1+ 33. Kc2 Rfd8 34. Rh8+ Kf7 35. Rxd8 Rxd8 36. Qc7+ Kf8 37. Qxd8+ Kf7 38. Qd7+ Kf8 39. Ba3+ 1-0

[Event "28th Hit Open-A 2024"]
[Site "Nova Gorica"]
[Date "2024.01.27"]
[Round "2.40"]
[White "Gratton, Damjan"]
[Black "Mulec, Dejan"]
[Result "0-1"]
[ECO "B08"]
[WhiteElo "1691"]
[BlackElo "1577"]
[Annotator "NA RC COMBH"]
[PlyCount "76"]
[EventDate "2024.01.22"]
[EventType "swiss"]
[EventCountry "SLO"]
[SourceTitle "playchess.com"]
[Source "ChessBase"]
[SourceQuality "1"]
[TimeControl "5400+30"]

1. e4 d6 2. d4 Nf6 3. Nc3 g6 4. Nf3 Bg7 5. Be2 O-O 6. O-O Bg4 7. h3 Bxf3 8. Bxf3 Nc6 9. Be3 e5 10. d5 Ne7 11. Qd2 Nd7 12. Bh6 f5 13. exf5 Nxf5 14. Bxg7 Kxg7 15. Ne4 h6 16. Bg4 Nf6 17. Bxf5 gxf5 18. Ng3 Qd7 19. c4 f4 20. Ne2 Qf5 21. Kh2 h5 22. f3 h4 23. Rac1 Rf7 24. c5 Kh8 25. cxd6 cxd6 26. Rc4 Rg8 27. Rf2 Rfg7 28. Nc3 Rg3 29. Rc7 Qg6 30. Rxb7 Rxh3+ 31. Kg1 Qg3 32. Ne2 Qh2+ 33. Kf1 Qh1+ 34. Ng1 Rhg3 35. Qc2 h3 36. Qf5 hxg2+ 37. Ke2 R3g6 38. Qh3+ Rh6 0-1

[Event "28th Hit Open-A 2024"]
[Site "Nova Gorica"]
[Date "2024.01.27"]
[Round "2.41"]
[White "Cokan, Mirko"]
[Black "Papler, Peter"]
[Result "0-1"]
[ECO "B07"]
[WhiteElo "1614"]
[BlackElo "1691"]
[Annotator "NA RC COMBH"]
[PlyCount "74"]
[EventDate "2024.01.22"]
[EventType "swiss"]
[EventCountry "SLO"]
[SourceTitle "playchess.com"]
[Source "ChessBase"]
[SourceQuality "1"]
[TimeControl "5400+30"]

1. e4 d6 2. c4 Nf6 3. Nc3 c6 4. Be2 e5 5. Nf3 Be7 6. h3 Qc7 7. O-O Nbd7 8. d3 h6 9. b3 Nf8 10. Bd2 g5 11. Nh2 Ng6 12. Bg4 Nxg4 13. Nxg4 Nf4 14. Bxf4 gxf4 15. f3 h5 16. Nh2 Rg8 17. Kh1 Be6 18. Rc1 Qd7 19. Qe2 Bd8 20. b4 Bb6 21. Rc2 Bd4 22. Qe1 Qe7 23. Ne2 Be3 24. Nc3 Qg5 25. g4 fxg3 26. Rg2 Bxh3 27. Rfg1 Bxg1 28. f4 Bxg2+ 29. Kxg2 Qxf4 30. Nf3 Bf2 31. Qh1 O-O-O 32. b5 Rh8 33. bxc6 bxc6 34. Ne2 Qg4 35. Qf1 h4 36. Qh1 h3+ 37. Kf1 g2+ 0-1

[Event "28th Hit Open-A 2024"]
[Site "Nova Gorica"]
[Date "2024.01.27"]
[Round "3.1"]
[White "Berkes, Ferenc"]
[Black "Csonka, Balazs"]
[Result "1/2-1/2"]
[ECO "D50"]
[WhiteElo "2613"]
[BlackElo "2479"]
[Annotator "TA"]
[PlyCount "50"]
[EventDate "2024.01.22"]
[EventType "swiss"]
[EventCountry "SLO"]
[SourceTitle "playchess.com"]
[Source "ChessBase"]
[SourceQuality "1"]
[TimeControl "5400+30"]

1. d4 Nf6 2. c4 e6 3. Nf3 d5 4. Nc3 c5 5. cxd5 cxd4 6. Qxd4 exd5 7. Bg5 Be7 8. e3 O-O 9. Be2 h6 10. Bh4 Be6 11. O-O Nc6 12. Qd3 Qb6 {[%emt 0:01:13] Die Stellung ist ausgeglichen.} 13. Bxf6 (13. a3 {ist vielschichtiger.} d4 14. Nxd4 Rfd8 15. Na4) 13... Bxf6 14. Nxd5 Bxd5 15. Qxd5 Qxb2 16. Bc4 Qa3 17. Rad1 Na5 18. Bd3 {[%emt 0:01:36] Schwarz ist schwach auf den weissen Feldern} g6 {[%emt 0:04:27] Wehrt Qf5 ab} 19. Bxg6 (19. Ne5 $5 Bxe5 20. Qxe5 $11) 19... Rad8 20. Qh5 {[%emt 0:00:16][%cal Oh5h6] [#] Qxh6! ist eine echte Drohung.} fxg6 21. Qxg6+ Bg7 22. Qe6+ Kh7 $1 23. Qe4+ Kg8 24. Qe6+ Kh7 $1 25. Qe4+ Kg8 {[%emt 0:00:08] Hier war wenig los.   Gewichteter Fehlerwert: Weiß=0.03 (makellos) /Schwarz=0.02 (makellos) .  OK:         	Weiß=4     	Schwarz=8     Bester:       	Weiß=1     	Schwarz=2     Stark:        	---       	Schwarz=2} 1/2-1/2

[Event "28th Hit Open-A 2024"]
[Site "Nova Gorica"]
[Date "2024.01.27"]
[Round "3.2"]
[White "Kulkarni Bhakti"]
[Black "Sebenik, Matej"]
[Result "0-1"]
[ECO "A05"]
[WhiteElo "2364"]
[BlackElo "2536"]
[Annotator "TA"]
[PlyCount "118"]
[EventDate "2024.01.22"]
[EventType "swiss"]
[EventCountry "SLO"]
[SourceTitle "playchess.com"]
[Source "ChessBase"]
[SourceQuality "1"]
[TimeControl "5400+30"]

1. Nf3 Nf6 2. g3 b5 3. Bg2 Bb7 4. Na3 a6 5. c4 e6 6. b3 {[%emt 0:02:45] A05: Réti Opening: 1 Nf3 Nf6.} bxc4 7. bxc4 c5 8. Rb1 Ra7 9. O-O Be7 10. d3 O-O 11. Bb2 $146 ({Predecessor:} 11. e4 d6 12. Nc2 Nc6 13. Bd2 Ba8 14. Bc3 Nd7 15. Qd2 Bf6 16. Rb2 Rb7 17. Rxb7 Bxb7 {½-½ Banusz,T (2641)-Demchenko,A (2610) EU-Cup 36th Struga 2021 (6.2)}) 11... d6 12. Qd2 Nbd7 13. Bc3 Qa8 14. Rb2 d5 15. cxd5 exd5 16. Rfb1 Bc6 17. Nh4 g6 18. Nc2 Re8 19. d4 c4 20. Ne3 Ba3 21. Nef5 Ne4 22. Bxe4 Rxe4 (22... Bxb2 23. Qh6 gxf5 24. Nxf5 dxe4 25. Qg7#) 23. Nh6+ Kf8 24. Bb4+ (24. f3 $1 $14 Re8 25. Bb4+ Bxb4 26. Rxb4) 24... Bxb4 $11 25. Qxb4+ Kg7 26. Qd6 Re6 (26... Kxh6 $6 27. Rb8 Nxb8 28. Rxb8 $16) 27. N6f5+ gxf5 28. Nxf5+ Kg6 29. Qf4 Re4 $2 (29... Qf8 $11 30. Rb8 Nxb8 31. Rxb8 Re8 (31... Be8 $2 32. Qg4+ Kf6 33. h4 $18)) 30. Qh6+ $2 (30. Nh4+ $18 {is the precise move to win.} Kg7 31. Qg5+ Kf8 32. Nf5) 30... Kxf5 $16 31. f3 Rxd4 {[%emt 0:00:22] [#]} 32. g4+ (32. e3 $1 $16 Rd3 33. g4+ Ke5 34. f4+ Ke4 35. Qxh7+ Kxe3 36. Qh4) 32... Ke5 $11 33. Qe3+ Kd6 (33... Re4 34. fxe4 Bb5 (34... dxe4 $2 35. Rb8 $18) (34... d4 35. Qg3+ Kxe4 36. Rb8 $16) 35. exd5+ Kd6 36. Rb4 Qxd5 37. Qxa7 $18) 34. Qxd4 Rb7 35. Qf4+ Ke7 36. Rxb7 (36. Qe3+ $11 {feels stronger.} Kd8 37. Qg5+ Kc7 38. Qf4+ Kc8 39. Rxb7 (39. Qxf7 $2 Qa7+ 40. Kg2 Rxb2 $19) 39... Bxb7 40. Qxf7 Qa7+ 41. Kf1) 36... Bxb7 $15 37. Qc7 (37. Qe3+ $15 Kd8 38. h4) 37... Bc6 $17 38. Rb6 Bb5 39. a4 Qd8 40. Qd6+ Ke8 41. Rb7 Bxa4 42. Qxd5 Qc8 (42... Bb5 $17 {...Qf6 would now be deadly.} 43. Qd4 Qe7) 43. Rb4 $2 (43. Ra7 $1 $11 {and White has nothing to worry.} Qc5+ 44. Qxc5 Nxc5 45. Rc7) 43... Bb5 $19 44. Kg2 Qc5 45. Qe4+ Qe5 46. Qc2 Nf6 47. e4 (47. Rb1 $142) 47... Nd7 $19 48. Rxc4 Bxc4 49. Qxc4 Nc5 50. Qb4 Nd3 51. Qc4 Nf4+ 52. Kf2 Ne6 53. Qxa6 Qxh2+ 54. Ke3 Qg1+ 55. Kd2 Ke7 56. Qb7+ Kf6 57. Qa8 Qf2+ 58. Kc1 Qe3+ (58... Qxf3 $2 {loses.} 59. e5+ Ke7 60. Qxf3 $18) 59. Kb1 Kg7 (59... Qxf3 $2 {perishes.} 60. e5+ Kg7 61. Qxf3 $18) 0-1

[Event "28th Hit Open-A 2024"]
[Site "Nova Gorica"]
[Date "2024.01.27"]
[Round "3.3"]
[White "Gricnik, Tine"]
[Black "Bodrogi, Bendeguz"]
[Result "0-1"]
[ECO "D30"]
[WhiteElo "1758"]
[BlackElo "2261"]
[Annotator "RC"]
[PlyCount "88"]
[EventDate "2024.01.22"]
[EventType "swiss"]
[EventCountry "SLO"]
[SourceTitle "playchess.com"]
[Source "ChessBase"]
[SourceQuality "1"]
[TimeControl "5400+30"]

1. d4 d5 2. c4 e6 3. Nf3 a6 4. g3 dxc4 5. Bg2 c5 6. Qc2 b5 7. a4 Bb7 8. axb5 axb5 9. Rxa8 Bxa8 10. dxc5 Bxc5 11. b3 Qb6 12. O-O cxb3 13. Qxb3 Bd5 14. Qb2 Nf6 15. Nc3 Bc6 16. Ne5 Bxg2 17. Kxg2 b4 18. Na4 Qb7+ 19. f3 Be7 20. Nd3 O-O 21. Bd2 Na6 22. Rc1 Rb8 23. Nac5 Nxc5 24. Nxc5 Qb5 25. Nd3 Nd5 26. Qb3 h6 27. e4 Nc3 28. Nf4 Bf6 29. Bxc3 Bxc3 30. Rc2 Rc8 31. Ne2 Qd3 32. Nc1 Qd1 33. Na2 Rd8 34. Rxc3 bxc3 35. Qxd1 Rxd1 36. Nxc3 Rd2+ 37. Kh3 Rd3 38. Nb5 Rxf3 39. Kg4 Rd3 40. h4 h5+ 41. Kf4 e5+ 42. Kxe5 Rxg3 43. Nd6 Rg4 44. Nf5 Kf8 0-1

[Event "28th Hit Open-A 2024"]
[Site "Nova Gorica"]
[Date "2024.01.27"]
[Round "3.4"]
[White "Gaal, Zsoka"]
[Black "Budai, Leonardo"]
[Result "1-0"]
[ECO "D02"]
[WhiteElo "2341"]
[BlackElo "1847"]
[Annotator "RC"]
[PlyCount "47"]
[EventDate "2024.01.22"]
[EventType "swiss"]
[EventCountry "SLO"]
[SourceTitle "playchess.com"]
[Source "ChessBase"]
[SourceQuality "1"]
[TimeControl "5400+30"]

1. Nf3 d5 2. g3 Nf6 3. Bg2 c5 4. O-O Nc6 5. d4 cxd4 6. Nxd4 e5 7. Nxc6 bxc6 8. c4 Be7 9. Nc3 Bb7 10. cxd5 Nxd5 11. Qc2 Qb6 12. b3 Nxc3 13. Qxc3 O-O 14. Be3 Qb5 15. Qc2 Rac8 16. Rfd1 Rc7 17. a4 Qb4 18. Bd2 Qb6 19. Be4 g6 20. a5 Qc5 21. Qb2 f6 22. Be3 Qb4 23. Ra4 Qb5 24. Bd3 1-0

[Event "28th Hit Open-A 2024"]
[Site "Nova Gorica"]
[Date "2024.01.27"]
[Round "3.5"]
[White "Basso, Pier Luigi"]
[Black "Davies, Nigel R"]
[Result "1-0"]
[ECO "D37"]
[WhiteElo "2482"]
[BlackElo "2349"]
[Annotator "RC"]
[PlyCount "89"]
[EventDate "2024.01.22"]
[EventType "swiss"]
[EventCountry "SLO"]
[SourceTitle "playchess.com"]
[Source "ChessBase"]
[SourceQuality "1"]
[TimeControl "5400+30"]

1. d4 d5 2. c4 e6 3. Nc3 a6 4. cxd5 exd5 5. Nf3 Nf6 6. Qb3 Be7 7. Bf4 c6 8. e3 Nbd7 9. h3 Nf8 10. Bd3 Ng6 11. Bh2 Bd6 12. Bxd6 Qxd6 13. O-O-O O-O 14. Kb1 Qe7 15. Qc2 Re8 16. g4 Bd7 17. Rdg1 Rac8 18. g5 Ne4 19. h4 Bf5 20. h5 Nf8 21. Ne5 Nd7 22. f4 Nxe5 23. fxe5 Nxc3+ 24. Qxc3 Qd7 25. Rf1 Bxd3+ 26. Qxd3 c5 27. g6 Rf8 28. gxh7+ Kh8 29. Rhg1 Qh3 30. dxc5 Rxc5 31. Qd4 Rc7 32. Qf4 Qxh5 33. Qg3 Qxh7+ 34. Ka1 Rc6 35. Qg2 Kg8 36. Qxd5 Qc2 37. a3 Qc4 38. Qh1 Re8 39. Rf4 Qc2 40. Rh4 Kf8 41. Rh8+ Ke7 42. Qh4+ Kd7 43. Qd4+ Ke7 44. Qb4+ Qc5 45. Qh4+ 1-0

[Event "28th Hit Open-A 2024"]
[Site "Nova Gorica"]
[Date "2024.01.27"]
[Round "3.6"]
[White "Beliavsky, Alexander G"]
[Black "Ongut, Tamas Gunes"]
[Result "1-0"]
[ECO "E46"]
[WhiteElo "2475"]
[BlackElo "2310"]
[Annotator "RC"]
[PlyCount "55"]
[EventDate "2024.01.22"]
[EventType "swiss"]
[EventCountry "SLO"]
[SourceTitle "playchess.com"]
[Source "ChessBase"]
[SourceQuality "1"]
[TimeControl "5400+30"]

1. d4 Nf6 2. c4 e6 3. Nc3 Bb4 4. e3 O-O 5. Nge2 d5 6. a3 Be7 7. cxd5 exd5 8. g3 Re8 9. Bg2 c6 10. O-O Bf5 11. f3 Bf8 12. g4 Be6 13. Nf4 c5 14. dxc5 Bxc5 15. g5 Nfd7 16. Ncxd5 Bxd5 17. Nxd5 Nb6 18. f4 Nc6 19. Qc2 Nd4 20. exd4 Bxd4+ 21. Kh1 Nxd5 22. Rd1 Rc8 23. Qb3 Re2 24. Bd2 Rxg2 25. Kxg2 Qd7 26. Qh3 Nxf4+ 27. Bxf4 Rc2+ 28. Rd2 1-0

[Event "28th Hit Open-A 2024"]
[Site "Nova Gorica"]
[Date "2024.01.27"]
[Round "3.7"]
[White "Drazic, Sinisa"]
[Black "Doric, Darko"]
[Result "1-0"]
[ECO "B40"]
[WhiteElo "2270"]
[BlackElo "2456"]
[Annotator "RC"]
[PlyCount "121"]
[EventDate "2024.01.22"]
[EventType "swiss"]
[EventCountry "SLO"]
[SourceTitle "playchess.com"]
[Source "ChessBase"]
[SourceQuality "1"]
[TimeControl "5400+30"]

1. c4 e6 2. e4 c5 3. Nc3 Nc6 4. Nf3 e5 5. g3 d6 6. Bg2 Be7 7. h3 f5 8. d3 Nf6 9. exf5 Bxf5 10. g4 Be6 11. Ng5 Bg8 12. Nge4 Qd7 13. a3 Nxe4 14. Bxe4 Be6 15. Be3 O-O 16. O-O a6 17. Nd5 Rae8 18. b4 cxb4 19. axb4 Bd8 20. Kg2 Ne7 21. Nxe7+ Bxe7 22. Ra5 Bd8 23. Ra3 d5 24. cxd5 Bxd5 25. Qa4 Bxe4+ 26. dxe4 Qf7 27. Bc5 Be7 28. Qb3 Bxc5 29. Qxf7+ Rxf7 30. bxc5 Rc8 31. Rc1 Rfc7 32. Rb1 Rd7 33. Rab3 Rcc7 34. Rb6 Kf7 35. Kf3 Ke7 36. Ke3 Rxc5 37. Rxb7 Rxb7 38. Rxb7+ Kf6 39. h4 a5 40. f4 exf4+ 41. Kxf4 h6 42. h5 g5+ 43. Ke3 Ke5 44. Re7+ Kf6 45. Re8 a4 46. Rf8+ Ke5 47. Rf5+ Kd6 48. Kd4 Rc1 49. Rf6+ Ke7 50. Rxh6 Rg1 51. Rh7+ Kf8 52. Ra7 Rxg4 53. Ke5 Rh4 54. Kf6 Rf4+ 55. Kg6 Rxe4 56. Ra8+ Ke7 57. h6 Rh4 58. h7 Kd6 59. Ra5 a3 60. Rxa3 g4 61. Ra6+ 1-0

[Event "28th Hit Open-A 2024"]
[Site "Nova Gorica"]
[Date "2024.01.27"]
[Round "3.8"]
[White "Ceres, Dragos"]
[Black "Ceschia, Ivano"]
[Result "1-0"]
[ECO "B30"]
[WhiteElo "2438"]
[BlackElo "2183"]
[Annotator "RC"]
[PlyCount "43"]
[EventDate "2024.01.22"]
[EventType "swiss"]
[EventCountry "SLO"]
[SourceTitle "playchess.com"]
[Source "ChessBase"]
[SourceQuality "1"]
[TimeControl "5400+30"]

1. e4 c5 2. Nf3 Nc6 3. Bb5 e6 4. O-O Nge7 5. Re1 a6 6. Bf1 g6 7. d4 cxd4 8. Nxd4 Bg7 9. Nxc6 Nxc6 10. Nc3 d6 11. Bf4 Ne5 12. Qd2 f6 13. Rad1 Ke7 14. Bh6 Rg8 15. Bxg7 Rxg7 16. f4 Nf7 17. Qe3 Kf8 18. e5 fxe5 19. fxe5 d5 20. Ne4 Qc7 21. Nf6 Qxc2 22. Qa3+ 1-0

[Event "28th Hit Open-A 2024"]
[Site "Nova Gorica"]
[Date "2024.01.27"]
[Round "3.9"]
[White "Fercec, Nenad"]
[Black "Lavrencic, Matic"]
[Result "1-0"]
[ECO "B90"]
[WhiteElo "2410"]
[BlackElo "2299"]
[Annotator "RC"]
[PlyCount "79"]
[EventDate "2024.01.22"]
[EventType "swiss"]
[EventCountry "SLO"]
[SourceTitle "playchess.com"]
[Source "ChessBase"]
[SourceQuality "1"]
[TimeControl "5400+30"]

1. e4 c5 2. Nf3 d6 3. d4 cxd4 4. Nxd4 Nf6 5. Nc3 a6 6. Be3 e5 7. Nb3 Be6 8. Qd2 Be7 9. f3 h5 10. O-O-O Nbd7 11. Kb1 Rc8 12. Bd3 b5 13. h3 h4 14. f4 Nb6 15. Bxb6 Qxb6 16. Rhe1 O-O 17. Rg1 exf4 18. Qxf4 Nh5 19. Qf3 Ng3 20. Nd5 Bxd5 21. exd5 Bf6 22. Rge1 Rfe8 23. c3 a5 24. a3 Rb8 25. Bc2 Rxe1 26. Rxe1 Be5 27. Qe3 Qxe3 28. Rxe3 b4 29. Nxa5 bxc3 30. b4 Nf1 31. Re1 Nd2+ 32. Ka2 Ra8 33. Nc6 Nc4 34. a4 Nb6 35. Nxe5 dxe5 36. Rxe5 Nxa4 37. Bxa4 Rxa4+ 38. Kb3 c2 39. Re8+ Kh7 40. Rc8 1-0

[Event "28th Hit Open-A 2024"]
[Site "Nova Gorica"]
[Date "2024.01.27"]
[Round "3.10"]
[White "Ashwath, R.."]
[Black "Karacsonyi, Gellert"]
[Result "1/2-1/2"]
[ECO "A35"]
[WhiteElo "2284"]
[BlackElo "2398"]
[Annotator "TA"]
[PlyCount "56"]
[EventDate "2024.01.22"]
[EventType "swiss"]
[EventCountry "SLO"]
[SourceTitle "playchess.com"]
[Source "ChessBase"]
[SourceQuality "1"]
[TimeControl "5400+30"]

1. Nf3 c5 2. c4 Nc6 3. Nc3 g6 4. e3 Nf6 5. d4 cxd4 6. exd4 d5 7. cxd5 Nxd5 8. Qb3 e6 9. Bb5 Bg7 10. Qa3 Qe7 {[%emt 0:04:23] [#] ...Qxa3 is the strong threat.} 11. Nxd5 exd5+ 12. Qxe7+ Kxe7 13. O-O Nxd4 14. Nxd4 Bxd4 15. Rd1 Bf6 16. Rxd5 Be6 17. Rd1 Rhd8 18. Re1 Rac8 {[%emt 0:08:29] Prevents Bc4} ({Better is} 18... Kf8 $17 19. a4 Kg7) 19. Ba4 a6 (19... Kf8 $17 20. Bh6+ Kg8) 20. Bb3 $11 {[%emt 0:03:20] The position is equal.} Rc6 21. Kf1 Kd7 22. Bxe6+ fxe6 23. Re2 Rdc8 24. Be3 Rc2 25. Rd1+ Ke7 26. Rdd2 R2c4 27. Rd1 Rc2 28. Rdd2 R2c4 {[%emt 0:00:51] Weighted Error Value: White=0.07 (flawless) /Black=0.11 (very precise) .  Mistake:       	---       	Black=2      Inaccurate:     	White=3     	---        OK:         	White=9     	Black=5      Best:        	White=2     	Black=2} 1/2-1/2

[Event "28th Hit Open-A 2024"]
[Site "Nova Gorica"]
[Date "2024.01.27"]
[Round "3.11"]
[White "Privitera, Franco"]
[Black "Mazzi, Leonardo"]
[Result "1/2-1/2"]
[ECO "A06"]
[WhiteElo "1919"]
[BlackElo "1647"]
[Annotator "TA"]
[PlyCount "30"]
[EventDate "2024.01.22"]
[EventType "swiss"]
[EventCountry "SLO"]
[SourceTitle "playchess.com"]
[Source "ChessBase"]
[SourceQuality "1"]
[TimeControl "5400+30"]

1. Nf3 d5 2. b3 Nf6 3. Bb2 Bf5 4. e3 e6 5. Ne5 Nbd7 6. Be2 Bd6 7. f4 h6 8. Na3 c6 9. c4 a5 10. O-O Qb8 (10... O-O $11) 11. Nxd7 $14 Kxd7 12. Nc2 Ke7 13. Nd4 Bh7 14. Nf3 a4 15. Be5 ({White should play} 15. Bd4 $16) 15... Bxe5 {[%emt 0:03:06] Weighted Error Value: White=0.20 (precise) /Black=0.28 (precise) .  Mistake:       	White=1     	Black=2      Inaccurate:     	White=1     	Black=1      OK:         	White=2     	Black=2      Best:        	White=1     	---} 1/2-1/2

[Event "28th Hit Open-A 2024"]
[Site "Nova Gorica"]
[Date "2024.01.27"]
[Round "3.12"]
[White "Zupancic, Urban"]
[Black "Cvitan, Ognjen"]
[Result "1/2-1/2"]
[ECO "B32"]
[WhiteElo "2025"]
[BlackElo "2422"]
[Annotator "RC"]
[PlyCount "26"]
[EventDate "2024.01.22"]
[EventType "swiss"]
[EventCountry "SLO"]
[SourceTitle "playchess.com"]
[Source "ChessBase"]
[SourceQuality "1"]
[TimeControl "5400+30"]

1. e4 c5 2. Nf3 Nc6 3. d4 cxd4 4. Nxd4 e5 5. Nb5 d6 6. N1c3 a6 7. Na3 Be7 8. Nc4 b5 9. Ne3 Nf6 10. Bd3 O-O 11. O-O Be6 12. a4 Nd4 13. Ncd5 bxa4 1/2-1/2